 Dungeon Crawl Stone Soup version 0.29-a0-416-g83a48905f1 (webtiles) character file.

Game seed: 2914147324661786077

5574 bande the Cleaver (level 10, -3/61 HPs)
             Began as a Gargoyle Fighter on May 16, 2022.
             Was an Elder of Okawaru.
             Slain by an eight-headed hydra (7 damage)
             ... on level 1 of the Lair of Beasts.
             The game lasted 00:16:57 (10030 turns).

bande the Cleaver (Gargoyle Fighter)               Turns: 10030, Time: 00:16:58

Health: -3/61      AC: 27    Str: 19    XL:     10   Next: 72%
Magic:  12/14      EV:  9    Int: 10    God:    Okawaru [****..]
Gold:   452        SH:  7    Dex: 19    Spells: 9/9 levels left

rFire   + + .      SeeInvis .   s - +4 flail
rCold   . . .      Faith    .   c - +0 buckler
rNeg    + . .      Spirit   .   u - +2 plate armour {rF+}
rPois   ∞          Reflect  .   (no helmet)
rElec   +          Harm     .   i - +1 cloak
rCorr   .          Rampage  .   (no gloves)
Will    .....                   (no boots)
Stlth   ..........              p - amulet of regeneration
HPRegen 1.00/turn               g - +6 ring of dexterity
MPRegen 0.14/turn               (no ring)

@: mighty, heroic
A: sickness immunity, AC +7, negative energy resistance 1, electricity
resistance, torment resistance 1, petrification resistance, talons 1, fire
resistance 1
a: Renounce Religion, Heroism, Finesse


You were on level 1 of the Lair of Beasts.
You worshipped Okawaru.
Okawaru was greatly pleased with you.
You visited 3 branches of the dungeon, and saw 10 of its levels.

You collected 452 gold pieces.

Inventory:

Hand Weapons
 a - a +0 war axe
 e - a +0 shortbow
 o - a +0 war axe
 r - a +5 hand axe of freezing
 s - a +4 flail (weapon)
Missiles
 v - a throwing net (quivered)
Armour
 c - a +0 buckler (worn)
 i - a +1 cloak (worn)
 u - a +2 plate armour of fire resistance (worn)
Jewellery
 g - a +6 ring of dexterity (left hand)
 m - a ring of fire
 p - an amulet of regeneration (around neck)
 q - a ring of ice
Wands
 x - a wand of acid (8)
 y - a wand of flame (9)
Scrolls
 f - 3 scrolls of enchant armour
 h - a scroll of enchant weapon {unknown}
Potions
 b - 8 potions of curing
 d - a potion of might
 k - a potion of brilliance
 l - 2 potions of cancellation
 n - 3 potions of mutation
 t - a potion of haste
 w - 2 potions of magic {unknown}
 z - a potion of ambrosia {unknown}
 A - a potion of flight {unknown}


   Skills:
 + Level 6.9(11.9) Fighting
 + Level 8.6(13.6) Axes
 + Level 8.2(13.2) Armour
 + Level 5.8(10.8) Shields
 * Level 5.5 Invocations
 * Level 5.4 Evocations


You had 9 spell levels left.
You didn't know any spells.
Your spell library contained the following spells:

 Spells                   Type           Power      Damage    Failure   Level
 Foxfire                  Conj/Fire      0%         2x1d4     100%        1
 Conjure Flame            Conj/Fire      0%         6-21      100%        3
 Gell's Gravitas          Tloc           0%         N/A       100%        3
 Inner Flame              Hex/Fire       0%         N/A       100%        3
 Teleport Other           Tloc           0%         N/A       100%        3
 Anguish                  Hex/Necr       0%         N/A       100%        4
 Flame Wave               Conj/Fire      0%         2d4       100%        4
 Dispersal                Tloc           0%         N/A       100%        6
 Enfeeble                 Hex            0%         N/A       100%        7
 Tukima's Dance           Hex            Unusable   N/A       N/A         3

Dungeon Overview and Level Annotations

Branches:
Dungeon (8/15)             Temple (1/1) D:5            Lair (1/6) D:8

Altars:
Cheibriados
Dithmenos
Gozag
Kikubaaqudgha
Makhleb
Okawaru
Qazlal
Wu Jian
Xom
Zin
The Shining One

Shops:
D:7 (


Innate Abilities, Weirdness & Mutations

You are immune to sickness and miasma.
Your stone body is resilient. (AC +7)
You are immune to poison.
You resist negative energy. (rN+)
You are resistant to electric shocks. (rElec)
You are resistant to unholy torment.
You are immune to petrification.
You have sharp toenails.
Your flesh is heat resistant. (rF+)


Message History

You block the eight-headed hydra's attack.
The eight-headed hydra barely misses you.
The eight-headed hydra bites you but does no damage. x2
The eight-headed hydra barely misses you.
The eight-headed hydra bites you but does no damage.
The eight-headed hydra bites you.
* * * LOW HITPOINT WARNING * * *
You feel better.
You block the eight-headed hydra's attack.
The eight-headed hydra bites you.
You block the eight-headed hydra's attack.
The eight-headed hydra bites you.
* * * LOW HITPOINT WARNING * * *
The eight-headed hydra barely misses you. x2
The eight-headed hydra bites you but does no damage. x2
You feel very mighty all of a sudden.
The eight-headed hydra bites you but does no damage. x3
The eight-headed hydra barely misses you.
You block the eight-headed hydra's attack. x2
The eight-headed hydra bites you but does no damage. x2
Unknown command.
You hit the eight-headed hydra.
The eight-headed hydra is lightly wounded.
The eight-headed hydra bites you but does no damage. x2
The eight-headed hydra bites you!
* * * LOW HITPOINT WARNING * * *
The eight-headed hydra bites you but does no damage.
You block the eight-headed hydra's attack.
The eight-headed hydra closely misses you.
The eight-headed hydra bites you but does no damage. x2
You sock the eight-headed hydra!
The eight-headed hydra is lightly wounded.
Unknown command.
You barely miss the eight-headed hydra. You claw the eight-headed hydra!
The eight-headed hydra is moderately wounded.
The eight-headed hydra bites you but does no damage. x3
The eight-headed hydra bites you!
* * * LOW HITPOINT WARNING * * *
The eight-headed hydra bites you!
You die...

...###.#######...#
.......††....#...# #
...+...†.....#...# .. # ..
#...†.........# ..##
...+.........#...# ..+
.............#...# #P
...P.#.###.P##...#### ###
.................##.#####.#
.........D@................
.................†.........
.P######P##.##.######P####.
######### ### ##


You could see an eight-headed hydra.

Vanquished Creatures
  2 two-headed ogres (D:7)
  A hornet (D:5)
  A wyvern (D:7)
  Menkaure (D:6)
  2 water moccasins
  4 orc warriors
  2 sky beasts
  An ogre (D:4)
  A centaur (D:5)
  5 wolves (Lair:1)
  A kobold brigand (D:8)
  5 bullfrogs
  2 gnoll sergeants
  A necrophage (D:7)
  4 scorpions
  19 wights
  2 jellies
  4 orc priests
  A gnoll shaman (D:6)
  4 iguanas
  8 orc wizards
  14 gnolls
  7 adders
  3 shadow imps
  A white imp (D:7)
  A worm (D:2)
  4 dart slugs
  24 orcs
  4 ball pythons
  8 endoplasms
  5 goblins
  11 hobgoblins
  A kobold (D:1)
  2 quokkas
  3 training dummies (D:7)
  4 bats
  A frilled lizard (D:2)
  4 rats
168 creatures vanquished.

Vanquished Creatures (others)
  11 fungi
  6 plants
17 creatures vanquished.

Grand Total: 185 creatures vanquished

Notes
Turn   | Place    | Note
-------+----------+-------------------------------------------
     0 | D:1      | bande the Gargoyle Fighter began the quest for the Orb.
     0 | D:1      | Reached XP level 1. HP: 14/14 MP: 1/1
   111 | D:1      | Reached XP level 2. HP: 19/19 MP: 2/2
  1137 | D:2      | Reached XP level 3. HP: 23/24 MP: 3/3
  2150 | D:2      | You fall into a shaft and drop 2 floors!
  2183 | D:4      | Noticed an ogre
  2662 | D:3      | Found a faded altar of an unknown god.
  2671 | D:3      | Reached XP level 4. HP: 28/29 MP: 4/4
  3247 | D:3      | Found an ancient bone altar of Kikubaaqudgha.
  3519 | D:4      | Reached XP level 5. HP: 33/33 MP: 5/5
  3700 | D:4      | Reached skill level 1 in Evocations
  3700 | D:4      | Reached XP level 6. HP: 15/39 MP: 6/6
  4173 | D:4      | Reached XP level 7. HP: 44/44 MP: 7/7
  4444 | D:4      | Gained mutation: You have sharp toenails. [potion of
                  | mutation]
  4444 | D:4      | Gained mutation: Your flesh is heat resistant. (rF+)
                  | [potion of mutation]
  4603 | D:5      | Entered Level 5 of the Dungeon
  4637 | D:5      | Reached skill level 5 in Armour
  4661 | D:5      | Found a staircase to the Ecumenical Temple.
  4661 | D:5      | Noticed a hornet
  4674 | D:5      | Killed a hornet
  4675 | D:5      | Reached skill level 5 in Fighting
  4675 | D:5      | Reached skill level 5 in Axes
  4675 | D:5      | Reached XP level 8. HP: 26/49 MP: 8/8
  4689 | Temple   | Entered the Ecumenical Temple
  4694 | Temple   | Became a worshipper of Warmaster Okawaru
  5002 | D:5      | Reached skill level 1 in Invocations
  5412 | D:6      | Noticed Menkaure
  5421 | D:6      | Killed Menkaure
  5869 | D:6      | Reached * piety under Okawaru
  5876 | D:6      | Reached XP level 9. HP: 21/54 MP: 9/11
  6742 | D:7      | Found Awoevaih's Firing Range.
  6985 | D:7      | Reached skill level 5 in Shields
  7272 | D:7      | Reached ** piety under Okawaru
  7342 | D:7      | Noticed a two-headed ogre
  7396 | D:7      | Killed a two-headed ogre
  7399 | D:7      | Reached XP level 10. HP: 11/60 MP: 9/13
  8909 | D:8      | Noticed a two-headed ogre
  9114 | D:7      | Killed a two-headed ogre
  9114 | D:7      | Reached *** piety under Okawaru
  9115 | D:7      | Reached skill level 5 in Invocations
  9115 | D:7      | Reached skill level 5 in Evocations
  9743 | D:8      | Found a staircase to the Lair.
  9877 | Lair:1   | Entered Level 1 of the Lair of Beasts
  9957 | Lair:1   | Reached **** piety under Okawaru
  9981 | Lair:1   | Noticed an eight-headed hydra
 10030 | Lair:1   | Slain by an eight-headed hydra

Illustrated notes

Levels and vault maps discovered:
D:1:      lemuel_arrival_hallway, layout_loops_ring, minmay_tetromino_l2
D:2:      layout_basic
D:3:      layout_loops_cross, lemuel_doored_altar,
          dreamdust_ecumenical_altar_grove
D:4:      layout_cave_pools
D:5:      layout_loops_cross, temple_pool_b, grunt_ministairs_3, hex_tiny
D:6:      layout_basic, uniq_menkaure
D:7:      minmay_chambers_of_fours, layout_basic, nicolae_shop_firing_range
D:8:      layout_rooms, lair_entry_dummy, blue_anna_alchemist
Temple:   compressed_dpeg_triangle_lava_temple
Lair:1:   beast_lair_carwin_large_2, layout_regular_city

Skill      XL: |  1  2  3  4  5  6  7  8  9 10 |
---------------+-------------------------------+-----
Fighting       | 4 5 6 |  6.9
Axes           | 2 3 4 5 6 7 8 |  8.6
Armour         | 4 5 6 7 8 |  8.2
Shields        | 4 5 |  5.8
Evocations     | 1 2 3 4 5 |  5.4
Invocations    | 2 4 5 |  5.5

Action                   |  1- 3 |  4- 6 |  7- 9 | 10-12 || total
-------------------------+-------+-------+-------+-------++-------
Melee: War axe           |    86 |    88 |       |       ||   174
       Hand axe          |       |    18 |   226 |   157 ||   401
       Kick              |       |       |    76 |    57 ||   133
       Flail             |       |       |       |     4 ||     4
Invok: Heroism           |       |       |     1 |     1 ||     2
  Use: Scroll            |     3 |     1 |    10 |     2 ||    16
       Potion            |       |       |     5 |     2 ||     7
Armor: Scale mail        |    40 |    18 |       |       ||    58
       Chain mail        |       |    55 |   123 |       ||   178
       Plate armour      |       |       |       |   148 ||   148
Dodge: Dodged            |    30 |    50 |    70 |    52 ||   202
Block: Buckler           |    20 |    34 |    59 |    57 ||   170

Table legend: (Time is in decaauts)
 A = Elapsed time spent in this place.
 B = Non-inter-level travel time spent in this place.
 C = Inter-level travel time spent in this place.
 D = Time resting spent in this place.
 E = Time spent auto-exploring this place.
 F = Levels seen in this place.
 G = Mean time per level.
                   A        B        C        D        E       F      G
               +--------+--------+--------+--------+--------+-----+--------+
         Total |  10115 |   9862 |    253 |   3084 |   4989 |  10 | 1011.5 |
       Dungeon |   9953 |   9700 |    253 |   3082 |   4935 |   8 | 1244.1 |
        Temple |     12 |     12 |      0 |      0 |      0 |   1 |   12.0 |
          Lair |    149 |    149 |      0 |      2 |     54 |   1 |  149.0 |
               +--------+--------+--------+--------+--------+-----+--------+

Top non-repeatable levels by time:
     D:7: 2624 daAuts
     D:2: 1735 daAuts
     D:6: 1395 daAuts
     D:4: 1156 daAuts
     D:1: 979 daAuts
     D:3: 809 daAuts
     D:5: 716 daAuts
     D:8: 535 daAuts
  Lair:1: 149 daAuts
  Temple: 12 daAuts
